 Dungeon Crawl Stone Soup version 0.23.1 (webtiles) character file.

Game seed: 8121237724214053558

618 vishdafish the Shield-Bearer (level 7, -3/60 HPs)
             Began as a Gnoll Fighter on Mar 7, 2019.
             Was a Believer of Wu Jian.
             Slain by Grinder (4 damage)
             ... on level 5 of the Dungeon.
             The game lasted 00:04:20 (3692 turns).

vishdafish the Shield-Bearer (Gnoll Fighter)        Turns: 3692, Time: 00:04:21

Health: -3/60      AC: 13    Str: 21    XL:     7   Next: 45%
Magic:  10/10      EV:  9    Int: 10    God:    Wu Jian [**....]
Gold:   318        SH: 11    Dex: 14    Spells: 10/10 levels left

rFire    . . .     SeeInvis .   a - +0 long sword
rCold    + . .     Gourm    .   c - +0 shield
rNeg     . . .     Faith    .   b - +0 scale mail
rPois    .         Spirit   .   u - +2 helmet
rElec    .         Reflect  .   d - +0 cloak
rCorr    .         Harm     .   w - +0 pair of gloves (curse)
MR       .....                  (no boots)
Stlth    +.........             (no amulet)
HPRegen  0.20/turn              v - ring of protection from cold
MPRegen  0.12/turn              (no ring)

@: hasted, very quick
A: distributed training, fangs 1, strong nose
a: Wall Jump, Renounce Religion


You were on level 5 of the Dungeon.
You worshipped Wu Jian.
Wu Jian was pleased with you.
You were hungry.

You visited 1 branch of the dungeon, and saw 5 of its levels.

You collected 318 gold pieces.

Inventory:

Hand Weapons
 a - a +0 long sword (weapon)
 t - a +0 club
Armour
 b - a +0 scale mail (worn)
 c - a +0 shield (worn)
 d - a +0 cloak (worn)
 u - a +2 helmet (worn)
 w - a cursed +0 pair of gloves (worn)
Jewellery
 v - a ring of protection from cold (left hand)
Scrolls
 g - 2 scrolls of random uselessness {unknown}
 i - a scroll of noise {unknown}
 j - 2 scrolls of enchant armour {unknown}
 k - a scroll of blinking {unknown}
 l - a scroll of enchant weapon {unknown}
 n - 2 scrolls of remove curse {unknown}
 o - 3 scrolls of identify {unknown}
 q - a scroll of magic mapping {unknown}
 r - a scroll of fear {unknown}
 y - a scroll of teleportation {unknown}
 z - a scroll of amnesia {unknown}
Potions
 e - 3 potions of curing {unknown}
 h - a potion of mutation {unknown}
 m - 2 potions of lignification {unknown}
 p - a potion of magic {unknown}
 s - a potion of brilliance
 A - a potion of berserk rage {unknown}
Comestibles
 f - 10 rations


   Skills:
 + Level 7.0 Fighting
 + Level 2.4 Short Blades
 + Level 5.2 Long Blades
 + Level 2.4 Axes
 + Level 2.4 Maces & Flails
 + Level 2.4 Polearms
 + Level 2.4 Staves
 + Level 2.4 Slings
 + Level 2.4 Bows
 + Level 2.4 Crossbows
 + Level 2.4 Throwing
 + Level 7.0 Armour
 + Level 2.4 Dodging
 + Level 2.4 Stealth
 + Level 7.0 Shields
 + Level 2.4 Unarmed Combat
 + Level 2.4 Spellcasting
 + Level 2.0 Conjurations
 + Level 2.0 Hexes
 + Level 2.0 Charms
 + Level 2.0 Summonings
 + Level 2.0 Necromancy
 + Level 2.0 Translocations
 + Level 2.0 Transmutations
 + Level 2.0 Fire Magic
 + Level 2.0 Ice Magic
 + Level 2.0 Air Magic
 + Level 2.0 Earth Magic
 + Level 2.0 Poison Magic
 + Level 2.7 Invocations
 + Level 2.4 Evocations


You had 10 spell levels left.
You didn't know any spells.
Your spell library was empty.

Dungeon Overview and Level Annotations

Branches:
Dungeon (5/15)             Temple (0/1) D:4

Altars:
Elyvilon
Okawaru
Qazlal
Ru
Sif Muna
Uskayaw
Vehumet
Wu Jian

Annotations:
D:5 Grinder


Innate Abilities, Weirdness & Mutations

Your experience applies equally to all skills.
You have very sharp teeth.
Your uncanny sense of smell can sniff out nearby items.


Message History

You feel yourself speed up. Grinder gestures at you.
You suddenly lose the ability to move!
The adder bites you but does no damage. Grinder hits you but does no damage.
The adder bites you but does no damage. x2
Grinder completely misses you. The adder bites you but does no damage.
Grinder hits you.
You writhe in agony.
The adder bites you. Grinder hits you but does no damage.
The adder bites you but does no damage. The adder bites you.
Grinder gestures at you. Pain shoots through your body!
* * * LOW HITPOINT WARNING * * *
You can move again.
Unknown command.
You hit Grinder but do no damage. The adder bites you but does no damage.
Grinder says, "Don't move a muscle."
Grinder hits you!
* * * LOW HITPOINT WARNING * * *
You writhe in agony.
You die...

..................#.....
..................#.....
..................#.....
..................#.....
..................#.....
..................######
#....(..######..........
#......S# #..........
#......@# #..........
#.....5.# #.......<..
#.......# #..........
#.......# #..........
#.......# #..........
#.......# ####..........
.....#### #.......######
..... #.......#
#.......#


You could see Grinder and an adder.

Vanquished Creatures
  A howler monkey (D:4)
  A centaur skeleton (D:4)
  3 hounds (D:4)
  An orc priest (D:4)
  Crazy Yiuf (D:3)
  Jessica (D:2)
  Terence (D:3)
  Natasha (twice) (D:2)
  3 worker ants
  A hound skeleton (D:4)
  Robin (D:3)
  7 adders
  2 howler monkey skeletons (D:4)
  3 worms
  2 dart slugs
  4 leopard geckos
  18 orcs
  11 bats
  2 giant cockroaches (D:3)
  9 goblins
  14 hobgoblins
  A ball python (D:2)
  5 frilled lizards
  6 kobolds
  7 rats
107 creatures vanquished.

Vanquished Creatures (others)
  A rat (D:4)
1 creature vanquished.

Grand Total: 108 creatures vanquished

Notes
Turn   | Place    | Note
-------+----------+-------------------------------------------
     0 | D:1      | vishdafish the Gnoll Fighter began the quest for the Orb.
     0 | D:1      | Reached XP level 1. HP: 23/23 MP: 1/1
   188 | D:1      | Reached XP level 2. HP: 28/29 MP: 2/2
   791 | D:2      | Reached XP level 3. HP: 10/35 MP: 3/3
   827 | D:2      | HP: 1/35 [poisoned by an adder]
   833 | D:2      | HP: 1/35 [poisoned by an adder]
  1327 | D:2      | Found an ornate altar of the Wu Jian Council.
  1338 | D:2      | Noticed Jessica
  1354 | D:2      | Killed Jessica
  1354 | D:2      | Reached skill level 1 in Short Blades
  1354 | D:2      | Reached skill level 1 in Axes
  1354 | D:2      | Reached skill level 1 in Maces & Flails
  1354 | D:2      | Reached skill level 1 in Polearms
  1354 | D:2      | Reached skill level 1 in Staves
  1354 | D:2      | Reached skill level 1 in Slings
  1354 | D:2      | Reached skill level 1 in Bows
  1354 | D:2      | Reached skill level 1 in Crossbows
  1354 | D:2      | Reached skill level 1 in Throwing
  1354 | D:2      | Reached skill level 1 in Dodging
  1354 | D:2      | Reached skill level 1 in Stealth
  1354 | D:2      | Reached skill level 1 in Unarmed Combat
  1354 | D:2      | Reached skill level 1 in Spellcasting
  1354 | D:2      | Reached skill level 1 in Invocations
  1354 | D:2      | Reached skill level 1 in Evocations
  1354 | D:2      | Reached XP level 4. HP: 36/41 MP: 5/5
  1361 | D:2      | Became a worshipper of the Wu Jian Council
  1370 | D:2      | Found a stormy altar of Qazlal.
  1409 | D:2      | Found a hide-covered altar of Uskayaw.
  1478 | D:2      | Noticed Natasha
  1490 | D:2      | Killed Natasha
  1636 | D:2      | Noticed Natasha
  1644 | D:2      | Killed Natasha
  1644 | D:2      | Reached skill level 1 in Conjurations
  1644 | D:2      | Reached skill level 1 in Hexes
  1644 | D:2      | Reached skill level 1 in Charms
  1644 | D:2      | Reached skill level 1 in Summonings
  1644 | D:2      | Reached skill level 1 in Necromancy
  1644 | D:2      | Reached skill level 1 in Translocations
  1644 | D:2      | Reached skill level 1 in Transmutations
  1644 | D:2      | Reached skill level 1 in Fire Magic
  1644 | D:2      | Reached skill level 1 in Ice Magic
  1644 | D:2      | Reached skill level 1 in Air Magic
  1644 | D:2      | Reached skill level 1 in Earth Magic
  1644 | D:2      | Reached skill level 1 in Poison Magic
  1644 | D:2      | Reached XP level 5. HP: 22/47 MP: 6/6
  1823 | D:2      | Found a radiant altar of Vehumet.
  1862 | D:2      | Found a deep blue altar of Sif Muna.
  1961 | D:3      | Found an iron altar of Okawaru.
  2006 | D:3      | Noticed Terence
  2028 | D:3      | Killed Terence
  2075 | D:3      | Reached * piety under Wu Jian
  2235 | D:3      | Found a white marble altar of Elyvilon.
  2282 | D:3      | Noticed Robin
  2309 | D:3      | Killed Robin
  2515 | D:3      | Reached XP level 6. HP: 49/53 MP: 8/8
  2665 | D:3      | Found a runed translucent door.
  2666 | D:3      | Noticed Crazy Yiuf
  2824 | D:3      | Killed Crazy Yiuf
  2909 | D:4      | Found a staircase to the Ecumenical Temple.
  3020 | D:4      | Reached ** piety under Wu Jian
  3020 | D:4      | Reached skill level 5 in Long Blades
  3137 | D:4      | Reached XP level 7. HP: 59/59 MP: 10/10
  3340 | D:4      | Found a sacrificial altar of Ru.
  3542 | D:5      | Entered Level 5 of the Dungeon
  3680 | D:5      | Noticed Grinder
  3686 | D:5      | Paralysed by Grinder for 6 turns
  3692 | D:5      | HP: 1/60 [Grinder (7)]
  3692 | D:5      | Slain by Grinder

Skill      XL: |  1  2  3  4  5  6  7 |
---------------+----------------------+-----
Short Blades   | 1 2 |  2.4
Axes           | 1 2 |  2.4
Maces & Flails | 1 2 |  2.4
Polearms       | 1 2 |  2.4
Staves         | 1 2 |  2.4
Slings         | 1 2 |  2.4
Bows           | 1 2 |  2.4
Crossbows      | 1 2 |  2.4
Throwing       | 1 2 |  2.4
Dodging        | 1 2 |  2.4
Stealth        | 1 2 |  2.4
Unarmed Combat | 1 2 |  2.4
Spellcasting   | 1 2 |  2.4
Invocations    | 1 2 |  2.7
Evocations     | 1 2 |  2.4
Conjurations   | 1 2 |  2.0
Hexes          | 1 2 |  2.0
Charms         | 1 2 |  2.0
Summonings     | 1 2 |  2.0
Necromancy     | 1 2 |  2.0
Translocations | 1 2 |  2.0
Transmutations | 1 2 |  2.0
Fire Magic     | 1 2 |  2.0
Ice Magic      | 1 2 |  2.0
Air Magic      | 1 2 |  2.0
Earth Magic    | 1 2 |  2.0
Poison Magic   | 1 2 |  2.0
Long Blades    | 5 |  5.2
Fighting       | 7 |  7.0
Armour         | 7 |  7.0
Shields        | 7 |  7.0

Action                   |  1- 3 |  4- 6 |  7- 9 || total
-------------------------+-------+-------+-------++-------
Melee: Long sword        |    80 |   257 |    63 ||   400
       Bite              |    11 |    33 |    10 ||    54
Invok: Lunge             |       |    17 |     4 ||    21
       Whirlwind         |       |     4 |       ||     4
  Use: Potion            |     4 |     1 |     1 ||     6
  Eat: Chunk             |     1 |     6 |     2 ||     9
Armor: Scale mail        |    34 |    84 |    43 ||   161
Dodge: Dodged            |    24 |    87 |    24 ||   135
Block: Shield            |    41 |   138 |    46 ||   225
       Rpst.: Long sword |    11 |    27 |     5 ||    43
